 Dungeon Crawl Stone Soup version 0.24.0-13-gcf9b319 (webtiles) character file.

Game seed: 6575098445678335983, levelgen mode: deterministic

11081 tatocazan the Blocker (level 12, -1/94 HPs)
             Began as a Formicid Fighter on Nov 20, 2019.
             Was a High Priest of Cheibriados.
             Slain by Gastronok (24 damage)
             ... on level 11 of the Dungeon.
             The game lasted 00:13:01 (12200 turns).

tatocazan the Blocker (Formicid Fighter)           Turns: 12200, Time: 00:13:01

Health: -1/94      AC: 16    Str: 36    XL:     12   Next: 3%
Magic:  18/18      EV: 13    Int: 26    God:    Cheibriados [*****.]
Gold:   650        SH:  0    Dex: 24    Spells: 11/11 levels left

rFire    . . .     SeeInvis +   P - +3 battleaxe (freeze)
rCold    . . .     Gourm    .   c - +0 shield
rNeg     . . .     Faith    +   e - +0 plate armour
rPois    .         Spirit   .   (helmet unavailable)
rElec    .         Reflect  .   (no cloak)
rCorr    .         Harm     .   u - +0 pair of gloves
MR       +++..                  p - +0 pair of boots
Stlth    ..........             t - amulet of faith
HPRegen  0.25/turn              z - ring of protection from magic
MPRegen  0.16/turn              D - ring of protection from magic

@: confused, very slow
A: permanent stasis, dig shafts and tunnels, four strong arms, antennae 3
a: Dig, Shaft Self, Bend Time, Temporal Distortion, Slouch, Step From Time,
Renounce Religion


You were on level 11 of the Dungeon.
You worshipped Cheibriados.
Cheibriados was extremely pleased with you.
You were not hungry.

You visited 1 branch of the dungeon, and saw 11 of its levels.

You collected 650 gold pieces.

Inventory:

Hand Weapons
 a - a +0 war axe
 j - a cursed -1 hunting sling
 C - the cursed +0 falchion of Weloptih {protect, Fragile rElec rF+, unknown}
   (You found it on level 6 of the Dungeon)

   It grants its wielder temporary protection when it strikes (+7 to AC).
   It protects you from fire.
   It insulates you from electricity.
   It will be destroyed if unequipped.
   It has a curse placed upon it.
 P - a +3 battleaxe of freezing (weapon)
Missiles
 O - 6 javelins (quivered)
Armour
 b - a +0 scale mail
 c - a +0 shield (worn)
 e - a +0 plate armour (worn)
 p - a +0 pair of boots (worn)
 u - a +0 pair of gloves (worn)
Jewellery
 q - a +6 amulet of reflection {unknown}
 t - an amulet of faith (around neck)
 z - a ring of protection from magic (left hand)
 D - a ring of protection from magic (right hand)
 K - an uncursed ring of flight {unknown}
 L - an uncursed ring of positive energy {unknown}
Wands
 I - a wand of polymorph (4)
 N - a wand of enslavement (7)
 R - a wand of disintegration (4)
Scrolls
 g - 2 scrolls of blinking {unknown}
 h - 15 scrolls of identify {unknown}
 k - 9 scrolls of teleportation {unknown}
 l - a scroll of enchant armour {unknown}
 n - 3 scrolls of magic mapping {unknown}
 r - a scroll of noise {unknown}
 w - 3 scrolls of remove curse {unknown}
 y - a scroll of enchant weapon {unknown}
 B - 2 scrolls of immolation {unknown}
 E - a scroll of fear {unknown}
 G - a scroll of acquirement {unknown}
 H - 2 scrolls of fog {unknown}
 J - a scroll of silence {unknown}
Potions
 d - 3 potions of might
 i - 3 potions of magic {unknown}
 m - 4 potions of lignification {unknown}
 o - 2 potions of agility
 s - 2 potions of ambrosia
 v - a potion of flight {unknown}
 x - 3 potions of curing {unknown}
 A - 4 potions of mutation {unknown}
 M - a potion of heal wounds {unknown}
 S - a potion of degeneration {unknown}
 T - a potion of invisibility {unknown}
Miscellaneous
 F - a box of beasts
Comestibles
 f - 24 rations
 Q - a chunk of flesh


   Skills:
 + Level 8.6 Fighting
 + Level 3.7 Long Blades
 - Level 8.6 Axes
 + Level 8.6 Armour
 + Level 6.1 Dodging
 + Level 9.3 Shields
 + Level 8.1 Invocations


You had 11 spell levels left.
You didn't know any spells.
Your spell library contained the following spells:

 Spells                   Type           Power        Failure   Level  Hunger
 Infusion                 Chrm           #...         56%         1    ##.....
 Shroud of Golubria       Chrm/Tloc      #.....       71%         2    ###....
 Song of Slaying          Chrm           #.......     71%         2    ###....
 Regeneration             Chrm/Necr      #.........   91%         3    ####...
 Spectral Weapon          Hex/Chrm       #.......     91%         3    ####...


Dungeon Overview and Level Annotations

Branches:
Dungeon (11/15)            Temple (0/1) D:5
   Lair: D:8-11         Orc: D:9-12

Altars:
Cheibriados
Elyvilon
Fedhas
Kikubaaqudgha
Nemelex Xobeh
Qazlal
Wu Jian

Shops:
D:6 *   D:9 (

Annotations:
D:8 3 runed translucent doors, Buffagor's ghost, novice BaFi
D:11 Gastronok


Innate Abilities, Weirdness & Mutations

You cannot be hasted, slowed, berserked, paralysed or teleported.
You can dig through walls and to a lower floor.
Your four strong arms can wield two-handed weapons with a shield.
You have a pair of large antennae on your head. (SInv)


Message History

There's no one hasty visible.
Invoke Slouch anyway? [Y]es or [N]o only, please.
There's no one hasty visible.
Invoke Slouch anyway?
Okay, then.
Okay, then.
You hit Gastronok. You freeze Gastronok.
Gastronok is heavily wounded.
A crimson imp comes into view.
Your plate armour prevents you from hitting Gastronok.
Gastronok is heavily wounded.
Gastronok waves his eye-stalks in wide circles.
The air twists around and strikes you!!!
* * * LOW HITPOINT WARNING * * *
You take 38 damage, and have 7/94 hp.
MASSIVE DAMAGE!!
It was a potion of ambrosia.
You are confused.
You feel invigorated.
You regained 5 hp, and now have 12/94 hp.
Gastronok bites you!!
You die...

#.#.#.#.### #######.
#...#...# #.......
###'##### ###.####
#...# #..... ######'###
#####. #........#
###### #.....÷..###
#..... #........'.#
#.....
###...@....#.....#.....
#.'..w.....#####.#.....
#..#.....†..# +..... ..
#........# #.....
#...5....# #.....
#........# #####+
#...?....# ####'#####
#..


You could see Gastronok and a crimson imp.

Vanquished Creatures
  A centaur warrior (D:10)
  A two-headed ogre (D:8)
  Erica (D:9)
  Sonja (D:11)
  A cyclops (D:11)
  A centaur skeleton (D:11)
  A hornet (D:10)
  A queen bee (D:9)
  A troll (D:10)
  2 hippogriffs
  A wraith (D:11)
  11 yaks
  A steam dragon (D:10)
  An acid dragon (D:11)
  A water moccasin (D:9)
  3 orc warriors
  A phantom (D:11)
  2 sky beasts (D:11)
  2 black bears (D:10)
  A necrophage (D:8)
  4 ogres
  3 centaurs
  A big kobold (D:9)
  4 bullfrogs
  2 gnoll sergeants
  4 scorpions
  23 killer bees
  7 wights
  5 howler monkeys
  4 crimson imps
  2 centaur zombies (D:9)
  6 orc wizards
  2 bullfrog skeletons
  4 orc priests
  A jelly (D:10)
  4 hounds
  4 iguanas
  8 worker ants
  A hound zombie (D:10)
  3 worker ant zombies
  11 adders
  12 gnolls
  2 shadow imps
  5 oozes
  2 adder skeletons
  3 worms
  3 leopard geckos
  29 orcs
  5 ball pythons
  9 bats
  A giant cockroach (D:1)
  7 goblins
  6 hobgoblins
  8 jackals
  5 quokkas
  9 frilled lizards
  A jackal skeleton (D:4)
  14 kobolds
  A leopard gecko zombie (D:5)
  9 rats
269 creatures vanquished.

Notes
Turn   | Place    | Note
-------+----------+-------------------------------------------
     0 | D:1      | tatocazan the Formicid Fighter began the quest for the Orb.
     0 | D:1      | Reached XP level 1. HP: 18/18 MP: 1/1
    67 | D:1      | Reached XP level 2. HP: 23/24 MP: 2/2
   408 | D:1      | Reached XP level 3. HP: 29/29 MP: 3/3
   563 | D:2      | Reached skill level 4 in Shields
   672 | D:2      | Found a faded altar of an unknown god.
   735 | D:2      | Reached XP level 4. HP: 37/37 MP: 4/4
   755 | D:2      | Found a snail-covered altar of Cheibriados.
   764 | D:2      | Became a worshipper of Cheibriados the Contemplative
   906 | D:2      | Found a sparkling altar of Nemelex Xobeh.
  1390 | D:3      | Reached * piety under Cheibriados
  1716 | D:3      | Reached XP level 5. HP: 35/42 MP: 5/5
  2832 | D:4      | Noticed an ogre
  2840 | D:4      | Killed an ogre
  2840 | D:4      | Reached skill level 1 in Dodging
  2840 | D:4      | Reached skill level 1 in Invocations
  2840 | D:4      | Reached XP level 6. HP: 30/48 MP: 6/6
  3409 | D:4      | Reached XP level 7. HP: 55/55 MP: 8/8
  3423 | D:4      | Reached ** piety under Cheibriados
  4006 | D:4      | Reached skill level 5 in Shields
  4192 | D:5      | Entered Level 5 of the Dungeon
  4270 | D:5      | Found a staircase to the Ecumenical Temple.
  4603 | D:5      | Found an ornate altar of the Wu Jian Council.
  5007 | D:6      | Reached XP level 8. HP: 61/61 MP: 8/10
  5019 | D:6      | Found Veteits's Assorted Antiques.
  5064 | D:6      | Reached skill level 5 in Armour
  5084 | D:6      | Reached skill level 5 in Fighting
  5281 | D:6      | Reached *** piety under Cheibriados
  5281 | D:6      | Reached skill level 5 in Axes
  5633 | D:6      | Got a brightly glowing falchion
  5962 | D:6      | Found a blossoming altar of Fedhas.
  5962 | D:6      | Found an ancient bone altar of Kikubaaqudgha.
  6014 | D:6      | Found a blossoming altar of Fedhas.
  6227 | D:7      | Found a stormy altar of Qazlal.
  6312 | D:7      | Found a white marble altar of Elyvilon.
  6438 | D:7      | Reached **** piety under Cheibriados
  6722 | D:8      | Found a runed translucent gate.
  6722 | D:8      | Found a runed translucent gate.
  6722 | D:8      | Found a runed translucent gate.
  6746 | D:8      | Noticed Buffagor's ghost (novice BaFi)
  6756 | D:8      | Noticed a two-headed ogre
  6765 | D:8      | Killed a two-headed ogre
  6765 | D:8      | Reached skill level 6 in Shields
  6765 | D:8      | Reached XP level 9. HP: 45/69 MP: 5/12
  6982 | D:8      | Noticed a hippogriff
  6993 | D:8      | Killed a hippogriff
  7210 | D:9      | Reached skill level 5 in Invocations
  7219 | D:9      | Reached ***** piety under Cheibriados
  7474 | D:9      | Reached skill level 7 in Shields
  7474 | D:9      | Reached XP level 10. HP: 49/77 MP: 13/13
  8814 | D:9      | Noticed Erica
  8823 | D:9      | Killed Erica
  9326 | D:9      | Reached skill level 5 in Dodging
  9349 | D:9      | Reached skill level 8 in Shields
  9403 | D:9      | Found Fobiahec's Antique Weapon Boutique.
  9473 | D:9      | Reached XP level 11. HP: 72/84 MP: 15/15
  9967 | D:10     | Entered Level 10 of the Dungeon
 10022 | D:10     | Reached skill level 1 in Long Blades
 10180 | D:10     | Noticed a centaur warrior
 10183 | D:10     | Killed a centaur warrior
 11201 | D:11     | Noticed a cyclops
 11204 | D:11     | Killed a cyclops
 11207 | D:11     | Reached skill level 9 in Shields
 11781 | D:11     | Noticed Sonja
 11797 | D:11     | Killed Sonja
 12178 | D:11     | Reached XP level 12. HP: 94/94 MP: 18/18
 12186 | D:11     | Noticed Gastronok
 12200 | D:11     | Slain by Gastronok

Levels and vault maps discovered:
D:1:      lemuel_arrival_room, layout_rooms, kennysheep_minor_cross
D:2:      layout_rooms, marbit_many_paths, chequers_ecumenical_altar_lobes,
          minmay_hexomino_r4
D:3:      layout_basic
D:4:      layout_gridville, first_ration
D:5:      layout_loops_ring, nicolae_overflow_crystal_walls,
          minmay_temple_entry_wispy, kennysheep_generic_room_6
D:6:      layout_loops_corners, grunt_temple_overflow_growth_and_decay,
          serial_shops, nicolae_shop_behind_doors, basic_altar
D:7:      layout_loops_ring, lemuel_coloured_pillars_altar,
          nicolae_qazlal_general_emergency
D:8:      layout_basic, ebering_ghost_rock_garden
D:9:      layout_loops_corners, serial_shops, shop, david_nohive_1, uniq_erica
D:10:     layout_long_grid, minmay_increasing_density
D:11:     layout_roguey, lair_entry_dummy, orc_0_dummy, fedhas_altar_1,
          uniq_gastronok, uniq_sonja

Skill      XL: |  1  2  3  4  5  6  7  8  9 10 11 |
---------------+----------------------------------+-----
Shields        | 4 5 6 7 8 9 |  9.3
Fighting       | 4 6 7 8 |  8.6
Axes           | 3 4 6 7 8 |  8.6
Armour         | 4 6 7 8 |  8.6
Dodging        | 1 2 3 4 5 6 |  6.1
Invocations    | 1 2 4 5 6 8 |  8.1
Long Blades    | 3 |  3.7

Action                   |  1- 3 |  4- 6 |  7- 9 | 10-12 || total
-------------------------+-------+-------+-------+-------++-------
Melee: War axe           |   109 |   191 |   260 |   221 ||   781
       Battleaxe         |       |       |       |   174 ||   174
Throw: Javelin           |       |       |       |     1 ||     1
Invok: Bend Time         |       |       |     3 |       ||     3
       Slouch            |       |       |     1 |     4 ||     5
Evoke: Wand              |       |       |       |     3 ||     3
  Use: Potion            |       |       |       |     1 ||     1
  Eat: Chunk             |       |     5 |     7 |     8 ||    20
Armor: Scale mail        |     3 |       |       |       ||     3
       Plate armour      |   106 |   131 |   164 |   190 ||   591
Dodge: Dodged            |    35 |    59 |   122 |   197 ||   413
Block: Shield            |    66 |   130 |   217 |   341 ||   754
